 Dungeon Crawl Stone Soup version 0.26.1-10-gdfb7c7de75 (webtiles) character file.

Game seed: 15388016730534593993

272 tardwrangler69 the Chopper (level 6, 0/56 HPs)
             Began as a Minotaur Fighter on Apr 4, 2021.
             Slain by an orc warrior
             ... wielding a +0 glaive
              (11 damage)
             ... on level 4 of the Dungeon.
             The game lasted 00:02:28 (3602 turns).

tardwrangler69 the Chopper (Minotaur Fighter)       Turns: 3602, Time: 00:02:29

Health: 0/56       AC:  6    Str: 22    XL:     6   Next: 2%
Magic:  5/5        EV:  7    Int:  5    God:
Gold:   161        SH:  9    Dex: 10    Spells: 5/5 levels left

rFire    + . .     SeeInvis .   a - +0 war axe
rCold    x . .     Faith    .   c - +0 kite shield
rNeg     . . .     Spirit   .   b - +0 scale mail
rPois    .         Reflect  .   (helmet restricted)
rElec    .         Harm     .   (no cloak)
rCorr    .         Rampage  .   (no gloves)
Will     .....                  (no boots)
Stlth    ..........             (no amulet)
HPRegen  0.18/turn              h - ring of fire
MPRegen  0.09/turn              (no ring)

@: mighty
A: retaliatory headbutt, horns 2
a: no special abilities


You were on level 4 of the Dungeon.
You visited 1 branch of the dungeon, and saw 4 of its levels.

You collected 161 gold pieces.

Inventory:

Hand Weapons
 a - a +0 war axe (weapon)
Armour
 b - a +0 scale mail (worn)
 c - a +0 kite shield (worn)
Jewellery
 h - a ring of fire (left hand)
 m - an uncursed amulet of faith {unknown}
Scrolls
 e - 4 scrolls of magic mapping {unknown}
 f - 7 scrolls of identify {unknown}
 g - a scroll of fear {unknown}
 j - a scroll of remove curse {unknown}
 l - 3 scrolls of teleportation {unknown}
 p - a scroll of amnesia {unknown}
 q - a scroll of noise {unknown}
Potions
 i - 2 potions of curing
 k - 3 potions of heal wounds {unknown}
 n - a potion of brilliance {unknown}
 o - 2 potions of magic {unknown}
 r - a potion of attraction {unknown}


   Skills:
 + Level 5.4 Fighting
 * Level 6.2 Axes
 - Level 3.6 Armour
 - Level 0.1 Dodging
 - Level 4.0 Shields


You had 5 spell levels left.
You didn't know any spells.
Your spell library was empty.

Dungeon Overview and Level Annotations

Branches:
Dungeon (4/15)
 Temple: D:4-7

Altars:
Ru
Vehumet


Innate Abilities, Weirdness & Mutations

You reflexively headbutt those who attack you in melee.
You have a pair of horns on your head.


Message History

You bump into the rock wall.
The orc wizard hits you with a +0 dagger.
You bump into the rock wall.
The iguana completely misses you.
You bump into the rock wall.
The iguana hisses menacingly.
The iguana closely misses you.
You're too confused to move!
The iguana bites you!
The orc warrior hits you from afar with a +0 glaive!
You feel less confused. You block the iguana's attack.
You feel very mighty all of a sudden. You block the iguana's attack.
You closely miss the iguana.
The orc warrior hits you but does no damage.
The iguana bites you!
* * * LOW HITPOINT WARNING * * *
You slash the iguana! You headbutt the iguana!
You kill the iguana!
The orc warrior hits you from afar with a +0 glaive!
You die...

#........
##..#
#####.#
#..##
#####.###
#.......#
#.......#
#.......#
#.......#
####.####
#@# #.##
#oo###
##B..##
###B.#
.....ooo...#
...........#
.......B..)#
...........#


You could see an orc warrior, a worker ant, 2 orc wizards and a giant cockroach.

Vanquished Creatures
  A hound (D:4)
  A centaur skeleton (D:4)
  Natasha (thrice) (D:2)
  An iguana (D:4)
  A worker ant (D:4)
  An adder (D:3)
  An ooze (D:1)
  An adder skeleton (D:4)
  4 worms
  2 dart slugs (D:2)
  A leopard gecko (D:2)
  9 orcs
  A ball python (D:1)
  6 giant cockroaches
  6 goblins
  7 hobgoblins
  5 kobolds
  2 quokkas
  10 bats
  5 frilled lizards
  9 rats
77 creatures vanquished.

Notes
Turn   | Place    | Note
-------+----------+-------------------------------------------
     0 | D:1      | tardwrangler69 the Minotaur Fighter began the quest for the
                  | Orb.
     0 | D:1      | Reached XP level 1. HP: 19/19 MP: 0/0
   188 | D:1      | Reached XP level 2. HP: 26/27 MP: 1/1
   261 | D:1      | Reached skill level 3 in Axes
   784 | D:1      | Reached XP level 3. HP: 33/33 MP: 2/2
  1157 | D:2      | Found a sacrificial altar of Ru.
  1183 | D:2      | Noticed Natasha
  1189 | D:2      | Killed Natasha
  1190 | D:2      | Reached skill level 4 in Axes
  1190 | D:2      | Reached XP level 4. HP: 27/41 MP: 3/3
  1479 | D:2      | Noticed Natasha
  1494 | D:2      | Killed Natasha
  1766 | D:2      | Noticed Natasha
  1825 | D:2      | Killed Natasha
  1826 | D:2      | Reached skill level 5 in Axes
  2300 | D:3      | Reached XP level 5. HP: 44/47 MP: 4/4
  3068 | D:3      | Reached skill level 5 in Fighting
  3442 | D:4      | Reached skill level 6 in Axes
  3528 | D:4      | Found a radiant altar of Vehumet.
  3586 | D:4      | Noticed an orc warrior
  3591 | D:4      | Reached XP level 6. HP: 46/56 MP: 5/5
  3602 | D:4      | Slain by an orc warrior

Illustrated notes

Levels and vault maps discovered:
D:1:      minmay_arrival_shattered_statue, layout_loops_corners,
          minmay_misc_feat_room
D:2:      layout_loops_ring, hangedman_ru_absence,
          nicolae_overflow_hidden_temple, supply_closet_lemuel, uniq_natasha
D:3:      layout_loops_ring
D:4:      layout_rooms, lemuel_coloured_pillars_altar, evilmike_ruin_ashenzari

Skill      XL: |  1  2  3  4  5 |
---------------+----------------+-----
Axes           | 3 4 5 6 |  6.2
Fighting       | 4 5 |  5.4
Shields        | 4 |  4.0
Armour         | |  3.6
Dodging        | |  0.1

Action                   |  1- 3 |  4- 6 || total
-------------------------+-------+-------++-------
Melee: War axe           |    68 |   115 ||   183
       Headbutt          |     7 |    19 ||    26
  Use: Potion            |       |     2 ||     2
Armor: Scale mail        |    33 |    42 ||    75
Dodge: Dodged            |    22 |    35 ||    57
Block: Kite shield       |    42 |    66 ||   108
